Map: 锈化山巅-天梯版

Players

夜蝶蝶蝶蝶蝶蝶蝶 (Firefly)

  • Race: Protoss Protoss

iGCoffeeMs (Coffee) - Winner!

  • Race: Terran Terran
  • League: Master

Event: DreamHack SC2 Masters 2021 Summer

VOD

Have the link to the VOD?

Description

Time

  • Played on: May 28, 2021, 9:31 a.m.
  • Length: 10:46

All games in this series

Show
View Real Time Build Order
Export as new Build Order

夜蝶蝶蝶蝶蝶蝶蝶 Protoss 

Build Orders: 1 Gate Expand, Blink Stalkers 

Get SALT Encoding   

  12  0:00  Probe  
  13  0:12  Probe  
  14  0:19  Pylon  
  14  0:24  Probe  
  15  0:37  Gateway  
  15  0:38  Probe (Chrono Boost)  
  16  0:47  Probe (Chrono Boost)  
  17  0:52  Probe (Chrono Boost), Assimilator  
  18  1:04  Probe  
  19  1:22  Nexus  
  19  1:32  Cybernetics Core  
  19  1:35  Probe  
  20  1:41  Assimilator  
  20  1:48  Probe  
  21  1:54  Pylon  
  21  2:00  Probe  
  22  2:09  Shield Battery  
  22  2:11  Stalker (Chrono Boost)  
  22  2:13  Warp Gate  
  24  2:16  Probe  
  25  2:28  Probe  
  26  2:34  Probe  
  26  2:37  Adept (Chrono Boost)  
  26  2:40  Probe  
  29  2:46  Probe  
  29  2:48  Twilight Council  
  30  2:52  Probe  
  31  3:00  Stalker  
  31  3:01  Probe  
  34  3:06  Probe  
  35  3:13  Probe  
  35  3:17  Gateway  
  37  3:20  Probe  
  37  3:21  Blink (Chrono Boost)  
  37  3:25  Probe  
  38  3:32  Probe  
  39  3:35  Pylon  
  39  3:37  Probe  
  40  3:44  Probe  
  41  3:49  Probe  
  42  3:56  Probe  
  42  4:01  Probe  
  44  4:04  Sentry  
  44  4:06  Nexus  
  44  4:08  Probe  
  47  4:10  Robotics Facility  
  47  4:13  Probe  
  47  4:16  Pylon  
  48  4:19  Stalker  
  48  4:23  Assimilator  
  50  4:24  Probe  
  50  4:26  Probe  
  50  4:30  Shield Battery  
  52  4:33  Stalker  
  54  4:38  Shield Battery  
  54  4:42  Probe  
  54  4:44  Probe, Stalker  
  58  4:51  Gateway  
  58  4:53  Forge  
  58  4:54  Probe  
  58  4:59  Stalker  
  61  5:00  Observer  
  62  5:12  Charge, Pylon  
  62  5:17  Gateway  
  62  5:18  Probe  
  62  5:20  Probe  
  62  5:21  Pylon  
  64  5:22  Probe  
  64  5:23  Stalker  
  64  5:25  Observer  
  68  5:30  Stalker  
  68  5:34  Probe x2  
  68  5:35  Probe  
  71  5:46  Probe x2  
  71  5:48  Stalker  
  75  5:53  Stalker  
  74  5:58  Probe x2  
  74  6:03  Probe  
  73  6:10  Probe  
  73  6:11  Probe  
  71  6:13  Stalker x2  
  75  6:20  Probe  
  75  6:23  Stalker  
  75  6:24  Probe  
  77  6:28  Stalker  
  73  6:33  Probe  
  73  6:37  Stalker  
  75  6:45  Zealot  
  75  6:46  Probe  
  78  6:59  Probe x3 (Chrono Boost)  
  83  7:08  Probe (Chrono Boost)  
  83  7:09  Probe (Chrono Boost), Pylon  
  83  7:10  Probe (Chrono Boost)  
  83  7:15  Pylon  
  84  7:16  Gateway  
  84  7:17  Gateway  
  84  7:18  Protoss Ground Armor Level 1 (Chrono Boost)  
  84  7:20  Gateway  
  84  7:21  Stalker  
  86  7:22  Gateway  
  86  7:27  Probe, Forge  
  87  7:31  Probe x2  
  87  7:33  Pylon  
  87  7:34  Assimilator  
  89  7:44  Zealot, Pylon  
  89  7:45  Zealot x3  
  89  7:48  Pylon  
  89  7:50  Pylon  
  97  7:51  Warp Prism (Chrono Boost)  
  99  8:00  Protoss Ground Weapons Level 1 (Chrono Boost)  
  99  8:09  Stalker x2  
  99  8:14  Observer  
  99  8:22  Immortal (Chrono Boost)  
  103  8:27  Zealot x3, Sentry x2  
  103  8:28  Zealot  
  115  8:48  Zealot x4  
  117  8:55  Zealot x4  
  121  8:58  Shield Battery  
  121  8:59  Immortal (Chrono Boost)  
  121  9:00  Pylon  
  124  9:10  Zealot x3  
  124  9:11  Zealot  
  124  9:15  Pylon  
  132  9:17  Pylon  
  132  9:19  Pylon, Stalker  
  132  9:20  Stalker x3  
  120  9:37  Zealot x4  
  94  9:46  Zealot x4  
  94  9:52  Immortal  
  74  9:58  Stalker x3  
  68  10:02  Stalker  
  70  10:07  Sentry x4  
  78  10:21  Zealot x2  
  78  10:22  Zealot  
  78  10:26  Zealot  
  86  10:30  Zealot x3  
Show
View Real Time Build Order
Export as new Build Order

iGCoffeeMs Terran - Winner!

Build Orders: Reaper Expand 

Get SALT Encoding   

  12  0:00  SCV  
  13  0:12  SCV  
  14  0:16  Supply Depot  
  14  0:24  SCV  
  15  0:38  SCV  
  15  0:40  Barracks  
  16  0:43  Refinery  
  16  0:50  SCV  
  17  1:02  SCV  
  18  1:14  SCV  
  19  1:27  Reaper, Orbital Command  
  20  1:45  Command Center  
  20  1:55  Supply Depot  
  20  1:58  SCV  
  21  2:02  Marine  
  22  2:10  SCV  
  22  2:13  Factory  
  23  2:20  Refinery  
  23  2:23  Barracks Reactor  
  23  2:24  SCV  
  24  2:36  SCV  
  25  2:41  Bunker  
  25  2:48  SCV  
  26  2:59  Starport  
  26  3:00  SCV, Marine x2  
  26  3:01  Widow Mine  
  31  3:06  Orbital Command  
  31  3:12  SCV  
  32  3:18  Marine x2  
  34  3:23  Widow Mine  
  34  3:26  SCV  
  37  3:30  Supply Depot  
  37  3:33  SCV  
  38  3:37  Medivac  
  38  3:38  SCV  
  38  3:39  Marine  
  38  3:40  Marine  
  43  3:48  SCV  
  44  3:49  Factory Tech Lab  
  44  3:50  SCV  
  45  3:56  Supply Depot  
  45  3:58  Marine x2  
  47  4:04  SCV x2  
  47  4:08  Siege Tank  
  52  4:12  Barracks  
  52  4:16  SCV x2  
  54  4:19  Supply Depot  
  54  4:20  Liberator  
  54  4:23  Marine x2  
  58  4:28  SCV x2  
  60  4:35  Engineering Bay  
  60  4:41  Marine x2  
  60  4:44  Siege Tank  
  65  4:46  SCV x2  
  65  4:49  Supply Depot  
  67  4:56  Refinery  
  67  4:59  Barracks Tech Lab  
  67  5:00  Barracks  
  67  5:04  Starport Tech Lab  
  67  5:06  Marine x2  
  69  5:07  SCV  
  69  5:11  SCV  
  69  5:12  Supply Depot x2  
  71  5:18  Siege Tank  
  74  5:21  Barracks Tech Lab  
  74  5:26  Marine x2  
  74  5:28  SCV x2  
  77  5:32  Starport Reactor  
  76  5:39  Marine  
  76  5:40  SCV  
  76  5:41  SCV  
  77  5:43  Engineering Bay  
  77  5:44  Marine  
  77  5:50  Siege Tank  
  77  5:53  SCV x2  
  78  6:04  Marine x2  
  78  6:05  Bunker  
  78  6:07  Stimpack  
  78  6:08  Marine  
  78  6:11  SCV  
  78  6:13  Bunker  
  76  6:22  Marauder  
  73  6:26  Marine x2  
  73  6:27  Siege Tank  
  73  6:29  Marauder  
  73  6:30  SCV x2  
  69  6:43  SCV  
  69  6:44  Marauder, Terran Infantry Weapons Level 1  
  69  6:45  Marine x2  
  71  6:48  SCV  
  71  6:51  Barracks, Marauder  
  71  6:53  Barracks  
  69  6:56  Combat Shield  
  69  7:03  Marine x2  
  69  7:05  Marine  
  74  7:10  Siege Tank  
  74  7:11  Marine  
  74  7:14  Refinery  
  76  7:20  Marine x2, Supply Depot  
  76  7:21  Supply Depot  
  78  7:22  Marine  
  78  7:25  SCV x2  
  78  7:29  Marine  
  82  7:32  Medivac x2  
  86  7:38  Marine x2  
  86  7:39  Marine  
  86  7:40  Marine  
  86  7:41  Marine, Supply Depot  
  86  7:42  Supply Depot  
  91  7:47  Marine  
  91  7:48  Siege Tank  
  95  7:56  Marine x2  
  95  7:58  Marine x3  
  98  8:05  Marine, Supply Depot  
  101  8:06  Medivac  
  101  8:07  Medivac  
  101  8:08  Supply Depot  
  105  8:14  Marine x2  
  105  8:16  Marine x2  
  106  8:23  Marine x2  
  106  8:25  Siege Tank  
  111  8:32  SCV x2, Marine x2  
  111  8:33  Marine  
  111  8:34  Marine  
  116  8:41  Marine x2  
  119  8:49  Marine  
  119  8:50  Marine  
  119  8:51  Marine  
  117  8:58  Marauder  
  117  8:59  Marauder, Marine  
  121  9:07  Engineering Bay x2, Marine  
  121  9:13  Engineering Bay x2  
  121  9:15  Marine  
  120  9:23  Marine x2  
  117  9:34  Marine x2  
  104  9:41  Marine x2  
  96  9:47  Marine  
  96  9:48  Marine  
  81  9:55  Marine x2  
  81  9:57  SCV x2  
  81  9:59  Marine  
  84  10:04  Marine  
  84  10:05  Marine x2  
  87  10:17  Marauder, Marine  
  87  10:19  Marine  
  94  10:21  SCV x2  
  94  10:22  Marine  
  94  10:23  Marine  
Tags
 
Add a new tag
Caveats
  • Supply blocks, unpowered buildings, or Contaminate may cause inaccurate times.
  • Supply counts are checked every 10 seconds.